 Dungeon Crawl Stone Soup version 0.30-a0-883-g5ad918d (webtiles) character file.

Game seed: 8748674505161297993

187 Nithhogg the Chopper (level 5, -2/47 HPs)
             Began as a Hill Orc Fighter on Mar 15, 2023.
             Slain by Crazy Yiuf
             ... wielding a +2 quarterstaff of chaos
              (5 damage)
             ... while petrified by Crazy Yiuf
             ... on level 2 of the Dungeon on Mar 16, 2023.
             The game lasted 00:04:50 (1333 turns).

Nithhogg the Chopper (Hill Orc Fighter)             Turns: 1333, Time: 00:04:50

Health: -2/47      AC:  8    Str: 21    XL:     5   Next: 66%
Magic:  7/7        EV:  2    Int:  8    God:
Gold:   54         SH:  0    Dex: 10    Spells: 4/4 levels left

rFire   . . .      SeeInvis .    a - +0 war axe
rCold   . . .      Faith    .    (no shield)
rNeg    + + +      Spirit   .    b - +1 scale mail
rPois   ∞          Reflect  .    (no helmet)
rElec   .          Rampage  .    (no cloak)
rCorr   .                        (no gloves)
Will    .....                    (no boots) Stlth
                                 (no amulet)
HPRegen 0.27/turn                (no ring)
MPRegen 0.10/turn                (no ring)

@: petrified
A: no striking features
a: no special abilities


You were on level 2 of the Dungeon.
You visited 1 branch of the dungeon, and saw 2 of its levels.

You collected 54 gold pieces.

Inventory:

Hand Weapons
 a - a +0 war axe (weapon)
 d - a +1 heavy scythe
Armour
 b - a +1 scale mail (worn)
 c - a +0 buckler
Scrolls
 g - 2 scrolls of identify {unknown}
 l - a scroll of brand weapon {unknown}
 n - a scroll of fear {unknown}
Potions
 f - a potion of berserk rage {unknown}
 h - 2 potions of curing {unknown}
 i - a potion of haste {unknown}
 j - a potion of heal wounds {unknown}
 k - a potion of resistance {unknown}
 m - a potion of attraction {unknown}


   Skills:
 + Level 4.6 Fighting
 * Level 5.2 Axes
 + Level 4.2 Armour
 - Level 3.2 Shields
 + Level 2.8 Invocations


You had 4 spell levels left.
You didn't know any spells.
Your spell library was empty.

Dungeon Overview and Level Annotations

Branches:
Dungeon (2/15)

Altars:

Annotations:
D:2 Crazy Yiuf


Message History

You slash the fungus!
The fungus is lightly damaged.
You hit the bush but do no damage.
A nearby fungus withers and dies.
Found a hammer.
Found a runed translucent door.
You open the door. You hit Crazy Yiuf but do no damage.
Crazy Yiuf hits you with a +2 quarterstaff of chaos!
You slash Crazy Yiuf!
Crazy Yiuf is heavily wounded.
Crazy Yiuf barely misses you.
Crazy Yiuf says, "Peeping!
Mountain Hive disdain."
Crazy Yiuf closely misses you.
You hit Crazy Yiuf.
Crazy Yiuf is severely wounded.
Crazy Yiuf screams, "Race!
Key fast sing-song."
Crazy Yiuf hits you with a +2 quarterstaff of chaos!
You are slowing down.
As you read the scroll labelled YPTEAXI YKO, it crumbles to dust.
It is a scroll of enchant armour.
Your +0 scale mail glows green for a moment.
Crazy Yiuf hits you with a +2 quarterstaff of chaos.
Crazy Yiuf burns you.
Your limbs are stiffening.
You closely miss Crazy Yiuf.
Crazy Yiuf is severely wounded.
Crazy Yiuf says, "Hack rumpyflump verde!"
Crazy Yiuf hits you with a +2 quarterstaff of chaos!
Crazy Yiuf freezes you.
Crazy Yiuf yells, "Whiteboard tortoise sizzlefizz!"
Crazy Yiuf hits you with a +2 quarterstaff of chaos!
* * * LOW HITPOINT WARNING * * *
Crazy Yiuf freezes you.
* * * LOW HITPOINT WARNING * * *
You have turned to stone.
Crazy Yiuf hits you with a +2 quarterstaff of chaos.
* * * LOW HITPOINT WARNING * * *
Crazy Yiuf freezes you.
* * * LOW HITPOINT WARNING * * *
Crazy Yiuf hits you but does no damage.
Crazy Yiuf hits you with a +2 quarterstaff of chaos!
You die...

##### #..)# #...#
... #g# ##@# #.##
##.# #.## ##.##
#.PP## #P..P#
#....# #########
####..#####.......#


You could see Crazy Yiuf.

Vanquished Creatures
  Sigmund (D:2)
  A dart slug (D:1)
  2 bats
  4 endoplasms (D:1)
  A giant cockroach (D:1)
  5 goblins
  2 hobgoblins (D:1)
  3 kobolds (D:1)
  A quokka (D:2)
  7 ball pythons
  3 frilled lizards
  3 rats (D:1)
33 creatures vanquished.

Vanquished Creatures (others)
  2 fungi (D:2)
  2 withered plants (D:2)
4 creatures vanquished.

Grand Total: 37 creatures vanquished

Notes
Turn   | Place    | Note
-------+----------+-------------------------------------------
     0 | D:1      | Nithhogg the Hill Orc Fighter began the quest for the Orb.
     0 | D:1      | Reached XP level 1. HP: 19/19 MP: 1/1
   128 | D:1      | Reached skill level 3 in Axes
   134 | D:1      | Reached XP level 2. HP: 21/27 MP: 2/2
   276 | D:1      | Reached skill level 1 in Invocations
   664 | D:1      | Reached XP level 3. HP: 33/33 MP: 3/3
  1003 | D:2      | Noticed Sigmund
  1124 | D:2      | Killed Sigmund
  1125 | D:2      | Reached skill level 5 in Axes
  1125 | D:2      | Reached XP level 4. HP: 16/41 MP: 4/6
  1125 | D:2      | Reached XP level 5. HP: 18/47 MP: 4/7
  1321 | D:2      | Found a runed translucent door.
  1322 | D:2      | Noticed Crazy Yiuf
  1331 | D:2      | HP: 2/47 [Crazy Yiuf/+2 quarterstaff of chaos (1)]
  1333 | D:2      | Slain by Crazy Yiuf

Illustrated notes

Levels and vault maps discovered:
D:1:      spicycebolla_green_bress_n_ham_2, layout_basic
D:2:      layout_rooms, ebering_ecumenical_altar_petrified, uniq_sigmund,
          uniq_crazy_yiuf_cottage

Skill      XL: |  1  2  3 |
---------------+----------+-----
Axes           | 3 5 |  5.2
Invocations    | 1 2 |  2.8
Fighting       | 4 |  4.6
Armour         | 4 |  4.2
Shields        | |  3.2

Action                     |  1- 3 |  4- 6 || total
---------------------------+-------+-------++-------
  Melee: War axe           |    73 |    10 ||    83
         Punch             |     1 |       ||     1
    Use: Potion            |     1 |       ||     1
         Scroll            |       |     1 ||     1
 Armour: Scale mail        |    48 |     2 ||    50
  Dodge: Dodged            |    44 |     2 ||    46

Table legend: (Time is in decaauts)
 A = Elapsed time spent in this place.
 B = Non-inter-level travel time spent in this place.
 C = Inter-level travel time spent in this place.
 D = Time resting spent in this place.
 E = Time spent auto-exploring this place.
 F = Levels seen in this place.
 G = Mean time per level.
                   A        B        C        D        E       F      G
               +--------+--------+--------+--------+--------+-----+--------+
         Total |   1363 |   1338 |     25 |    100 |    997 |   2 |  681.5 |
       Dungeon |   1363 |   1338 |     25 |    100 |    997 |   2 |  681.5 |
               +--------+--------+--------+--------+--------+-----+--------+

Top non-repeatable levels by time:
     D:1: 1129 daAuts
     D:2: 234 daAuts
